 Dungeon Crawl Stone Soup version 0.28.0-53-g5a82cb258f (webtiles) character file.

Game seed: 2672389004435729595

16 styxcanada the Sneak (level 2, 0/15 HPs)
             Began as a Spriggan Brigand on July 5, 2022.
             Slain by a rat (2 damage)
             ... on level 2 of the Dungeon on July 6, 2022.
             The game lasted 00:03:26 (1084 turns).

styxcanada the Sneak (Spriggan Brigand)             Turns: 1084, Time: 00:03:26

Health: 0/15       AC:  3    Str:  7    XL:     2   Next: 41%
Magic:  3/3        EV: 16    Int: 12    God:
Gold:   107        SH:  0    Dex: 16    Spells: 1/1 levels left

rFire   . . .      SeeInvis +   a - +2 dagger
rCold   . . .      Faith    .   (no shield)
rNeg    . . .      Spirit   .   b - +0 robe
rPois   .          Reflect  .   (helmet restricted)
rElec   .          Harm     .   c - +0 cloak
rCorr   .          Rampage  .   (gloves unavailable)
Will    .....                   (boots unavailable)
Stlth   +++.......              (no amulet)
HPRegen 0.05/turn               (no ring)
MPRegen 0.08/turn               (no ring)

@: very quick
A: very small, no large weapons, unfitting armour, see invisible, speed 3
a: no special abilities


You were on level 2 of the Dungeon.
You visited 1 branch of the dungeon, and saw 2 of its levels.

You collected 107 gold pieces.

Inventory:

Hand Weapons
 a - a +2 dagger (weapon)
Missiles
 d - 3 poisoned darts (quivered)
 e - 2 curare-tipped darts
 h - 57 stones
Armour
 b - a +0 robe (worn)
 c - a +0 cloak (worn)
Scrolls
 f - a scroll of amnesia {unknown}
 g - 2 scrolls of identify {unknown}
 i - 3 scrolls of magic mapping {unknown}


   Skills:
 * Level 1.7 Fighting
 + Level 2.2 Short Blades
 + Level 2.0 Throwing
 * Level 1.5 Dodging
 * Level 6.7 Stealth


You had one spell level left.
You didn't know any spells.
Your spell library contained the following spells:

 Spells                   Type           Power      Damage    Failure   Level
 Ozocubu's Armour         Ice            0%         N/A       69%         3
 Metabolic Englaciation   Hex/Ice        0%         N/A       100%        5
 Simulacrum               Ice/Necr       0%         N/A       100%        6


Dungeon Overview and Level Annotations

Branches:
Dungeon (2/15)

Altars:

Shops:
D:1 =


Innate Abilities, Weirdness & Mutations

You are very small and have problems with some larger weapons.
You are too small for most types of armour.
You have supernaturally acute eyesight. (SInv)
You cover ground extremely quickly. (Speed+++)


Message History

An endoplasm comes into view.
You see here a poisoned dart.
A rat comes into view.
You hit the endoplasm.
The endoplasm is moderately wounded.
The rat bites you.
* * * LOW HITPOINT WARNING * * *
The endoplasm hits you.
* * * LOW HITPOINT WARNING * * *
You hit the endoplasm.
The endoplasm is heavily wounded.
The rat misses you.
You see here a poisoned dart.
Throw: 7 darts (poison)
Press: ? - help, Q - select action, (/) - cycle Shift-Dir - straight line, f - endoplasm
Aim: an endoplasm (heavily wounded, 86% to hit)
You throw a poisoned dart. The poisoned dart hits the endoplasm.
The endoplasm is poisoned.
The endoplasm is heavily wounded.
Throw: 6 darts (poison)
Press: ? - help, Q - select action, (/) - cycle Shift-Dir - straight line, f/p - endoplasm
Aim: an endoplasm (almost dead, poisoned, 86% to hit)
You throw a poisoned dart. The poisoned dart hits the endoplasm.
The endoplasm is almost dead.
Unknown command.
You kill the endoplasm!
Throw: 5 darts (poison)
Press: ? - help, Q - select action, (/) - cycle Shift-Dir - straight line, f - rat
Aim: a rat (60% to hit)
You throw a poisoned dart. The poisoned dart hits the rat.
The rat is poisoned.
Throw: 4 darts (poison)
Press: ? - help, Q - select action, (/) - cycle Shift-Dir - straight line, f/p - rat
Aim: a rat (poisoned, 60% to hit)
You throw a poisoned dart.
The poisoned dart closely misses the rat.
Unknown command.
You hit the rat but do no damage.
The rat is severely wounded.
The rat bites you.
You die...

#..###.....##
#.........
#.........##
#.....####
##.###.#.## #(....>#
#.# #.### #.##.#.#
#.# #.# #(# .#.# #.#
#.# #(# .# # #.#
#.######## #(# .# #.#
........###.##.#
#.##########.@r.....#
#...........####.####
###########.# #.# #.#
#.. #.# #### #[# #.#
#.# #..


You could see a rat (poisoned).

Vanquished Creatures
  A dart slug (D:1)
  A bat (D:1)
  3 endoplasms
  3 goblins
  A hobgoblin (D:1)
  A quokka (D:1)
  A frilled lizard (D:1)
  A rat (D:1)
12 creatures vanquished.

Notes
Turn   | Place    | Note
-------+----------+-------------------------------------------
     0 | D:1      | styxcanada the Spriggan Brigand began the quest for the
                  | Orb.
     0 | D:1      | Reached XP level 1. HP: 10/10 MP: 2/2
   107 | D:1      | Found Xohebos's Jewellery Shoppe.
   133 | D:1      | Reached skill level 6 in Stealth
   234 | D:1      | Found a faded altar of an unknown god.
   294 | D:1      | Reached XP level 2. HP: 9/15 MP: 3/3
  1084 | D:2      | Slain by a rat

Illustrated notes

Levels and vault maps discovered:
D:1:      amcnicky_arrival_double_pillar, layout_loops_cross,
          shapermc_ecumenical_altar_starsandcircs, serial_shops,
          nicolae_shop_crystal, minmay_misc_feat_tower
D:2:      layout_loops_ring, chequers_serial_rivers_micro_d

Skill      XL: |  1 |
---------------+----+-----
Stealth        | 6 |  6.7
Fighting       | |  1.7
Short Blades   | |  2.2
Throwing       | |  2.0
Dodging        | |  1.5

Action                   || total
-------------------------++-------
Melee: Dagger            ||    34
       Punch             ||     1
Throw: Dart              ||     5
 Stab: Sleeping          ||     5
Armor: Robe              ||     2
Dodge: Dodged            ||    12
